 Dungeon Crawl Stone Soup version 0.29-a0-495-g17b79114eb (webtiles) character file.

Game seed: 8499367639357325147

125 rabbitsville the Agent of Entropy (level 4, 0/38 HPs)
             Began as a Palentonga Abyssal Knight on May 27, 2022.
             Was a Priest of Lugonu.
             Slain by a gnoll
             ... wielding a +0 spear
              (6 damage)
             ... on level 3 of the Dungeon.
             The game lasted 00:07:50 (2109 turns).

rabbitsville the Agent of Entropy (PaAK)            Turns: 2109, Time: 00:07:51

Health: 0/38       AC:  4    Str: 17    XL:     4   Next: 82%
Magic:  6/6        EV:  9    Int: 10    God:    Lugonu [***...]
Gold:   75         SH:  0    Dex: 12    Spells: 3/3 levels left

rFire   . . .      SeeInvis +   e - +1 short sword (venom)
rCold   . . .      Faith    .   (no shield)
rNeg    . . .      Spirit   .   b - +0 leather armour
rPois   .          Reflect  .   (no helmet)
rElec   .          Harm     .   (no cloak)
rCorr   .          Rampage  .   (no gloves)
Will    .....                   (no barding)
Stlth   +.........              (no amulet)
HPRegen 0.12/turn               (no ring)
MPRegen 0.10/turn               (no ring)

@: no status effects
A: large, rugged brown scales 3, see invisible, deformed body, roll 1, armoured
tail
a: Rolling Charge, Renounce Religion, Depart the Abyss, Bend Space, Banish


You were on level 3 of the Dungeon.
You worshipped Lugonu.
Lugonu was most pleased with you.
You visited 1 branch of the dungeon, and saw 3 of its levels.
You visited the Abyss 1 time.

You collected 75 gold pieces.

Inventory:

Hand Weapons
 a - a +1 falchion
 e - a +1 short sword of venom (weapon)
Armour
 b - a +0 leather armour (worn)
Magical Staves
 h - a staff of conjuration
Wands
 i - a wand of paralysis (9)
Scrolls
 d - a scroll of brand weapon {unknown}
 f - a scroll of identify {unknown}
 j - 2 scrolls of vulnerability {unknown}
 k - a scroll of poison {unknown}
 m - 2 scrolls of amnesia {unknown}
 o - 3 scrolls of teleportation {unknown}
Potions
 c - a potion of cancellation {unknown}
 g - 4 potions of attraction {unknown}
 l - a potion of curing {unknown}
 n - a potion of mutation {unknown}


   Skills:
 + Level 3.6 Fighting
 * Level 3.5 Long Blades
 - Level 1.5 Armour
 - Level 0.7 Dodging
 * Level 3.7 Invocations


You had 3 spell levels left.
You didn't know any spells.
Your spell library was empty.

Dungeon Overview and Level Annotations

Branches:
Dungeon (3/15)

Altars:
Fedhas


Innate Abilities, Weirdness & Mutations

You are completely covered in rugged brown scales. (AC +3, +7% HP)
You have supernaturally acute eyesight. (SInv)
Armour fits poorly on your strangely shaped body.
You can roll at nearby foes to attack.
You have a long armoured tail.


Message History

You hit the adder.
You kill the adder!
Lugonu accepts your kill.
You hit the gnoll but do no damage. The gnoll hits you with a +0 spear.
You closely miss the gnoll. The gnoll hits you but does no damage.
You barely miss the gnoll. The gnoll hits you with a +0 spear.
You closely miss the gnoll. The gnoll hits you with a +0 spear.
You hit the gnoll but do no damage.
The gnoll is poisoned.
The gnoll barely misses you.
You hit the gnoll.
The gnoll looks as sick as possible!
The gnoll is lightly wounded.
The gnoll closely misses you.
You hit the gnoll but do no damage.
The gnoll looks as sick as possible!
You tail-slap the gnoll.
The gnoll is heavily wounded.
The gnoll hits you with a +0 spear.
You closely miss the gnoll.
The gnoll is severely wounded.
The gnoll hits you with a +0 spear.
* * * LOW HITPOINT WARNING * * *
You hit the gnoll but do no damage.
The gnoll is severely wounded.
You kill the gnoll!
Lugonu accepts your kill.
You closely miss the kobold.
You tail-slap the kobold, but do no damage.
The kobold hits you but does no damage.
You closely miss the kobold. The kobold hits you but does no damage.
You hit the kobold.
You kill the kobold!
Lugonu accepts your kill.
The gnoll shouts!
The gnoll hits you with a +0 spear.
* * * LOW HITPOINT WARNING * * *
The gnoll barely misses you.
Items here: $ )) ††.
The gnoll hits you from afar with a +0 spear.
* * * LOW HITPOINT WARNING * * *
The gnoll hits you from afar with a +0 spear.
You die...

#............##...##...
#..................#...
#...........######)#...
#####...##.......#.#.##
#...##.#####.#.#.##
##...##.#...#.#.#.g.
#.......#.........g.
####.#######.#.#...####
#.....@....#.#.####...#
#...........>..........
#......g.......####...#
#.........g....# #...#
#..............####...#
#..............##......
#..............##......
#..............##......
#..............).....†.


You could see 2 gnolls.

Vanquished Creatures
  A gnoll (D:3)
  5 adders
  2 dart slugs
  2 orcs (D:3)
  3 ball pythons
  9 endoplasms
  2 giant cockroaches
  6 goblins
  7 hobgoblins
  3 jackals (D:1)
  5 quokkas
  3 bats
  3 frilled lizards
  5 kobolds
  2 rats (D:1)
58 creatures vanquished.

Notes
Turn   | Place    | Note
-------+----------+-------------------------------------------
     0 | Abyss:1  | rabbitsville the Palentonga Abyssal Knight began the quest
                  | for the Orb.
     0 | Abyss:1  | Reached XP level 1. HP: 19/19 MP: 2/2
    66 | Abyss:1  | Found a corrupted altar of Lugonu.
    94 | Abyss:1  | Found a corrupted altar of Lugonu.
   100 | D:1      | Escaped the Abyss
   215 | D:1      | Reached XP level 2. HP: 25/25 MP: 3/3
  1088 | D:2      | Found a faded altar of an unknown god.
  1122 | D:2      | Reached XP level 3. HP: 31/31 MP: 5/5
  1154 | D:2      | Found a blossoming altar of Fedhas.
  1212 | D:2      | Reached *** piety under Lugonu
  1685 | D:3      | Reached XP level 4. HP: 27/37 MP: 6/6
  2109 | D:3      | Slain by a gnoll

Illustrated notes

Levels and vault maps discovered:
D:1:      doesnt_arrival_eight_statues, layout_basic, minmay_ruptured
D:2:      layout_rooms, basic_altar, nicolae_ecumenical_oubliette,
          kennysheep_pointless_box, minmay_misc_feat_pillars
D:3:      layout_basic, kennysheep_generic_room_2

Skill      XL: |  1  2  3 |
---------------+----------+-----
Invocations    | 3 |  3.7
Long Blades    | 3 |  3.5
Fighting       | |  3.6
Armour         | |  1.5
Dodging        | |  0.7

Action                   |  1- 3 |  4- 6 || total
-------------------------+-------+-------++-------
Melee: Falchion          |    26 |       ||    26
       Tailslap          |    10 |     5 ||    15
       Short sword       |    65 |    54 ||   119
 Abil: Rolling Charge    |    29 |    14 ||    43
Armor: Leather armour    |    27 |    13 ||    40
Dodge: Dodged            |    42 |    18 ||    60

Table legend: (Time is in decaauts)
 A = Elapsed time spent in this place.
 B = Non-inter-level travel time spent in this place.
 C = Inter-level travel time spent in this place.
 D = Time resting spent in this place.
 E = Time spent auto-exploring this place.
 F = Levels seen in this place.
 G = Mean time per level.
                   A        B        C        D        E       F      G
               +--------+--------+--------+--------+--------+-----+--------+
         Total |   2114 |   1951 |    163 |     87 |   1324 |   4 |  528.5 |
       Dungeon |   2014 |   1851 |    163 |     87 |   1306 |   3 |  671.3 |
         Abyss |    100 |    100 |      0 |      0 |     18 |   1 |  100.0 |
               +--------+--------+--------+--------+--------+-----+--------+

Top non-repeatable levels by time:
     D:1: 1021 daAuts
     D:2: 611 daAuts
     D:3: 381 daAuts
 Abyss:1: 100 daAuts
